 Dungeon Crawl Stone Soup version 0.24-a0-549-g45f0056d81 (webtiles) character file.

Game seed: 14352021124315699719

25242 Moredread the Fighter (level 12, -1/169 HPs)
             Began as a Minotaur Fighter on Aug 19, 2019.
             Was a High Priest of Okawaru.
             Slain by a 12-headed hydra (7 damage)
             ... on level 5 of the Lair of Beasts.
             The game lasted 01:05:00 (18810 turns).

Moredread the Fighter (Minotaur Fighter)           Turns: 18810, Time: 01:05:01

Health: -1/169     AC: 11    Str: 33    XL:     12   Next: 87%
Magic:  10/17      EV: 14    Int:  4    God:    Okawaru [*****.]
Gold:   361        SH:  0    Dex: 12    Spells: 11/11 levels left

rFire    + . .     SeeInvis .   X - +2 battleaxe (freeze)
rCold    + . .     Gourm    .   (shield currently unavailable)
rNeg     . . .     Faith    .   y - +1 ring mail of Atheism {Regen+ Str+4 Int+3 Slay-6}
rPois    +         Spirit   .   (helmet restricted)
rElec    .         Reflect  .   (no cloak)
rCorr    .         Harm     .   r - +0 pair of gloves
MR       +....                  (no boots)
Stlth    ..........             (no amulet)
HPRegen  0.78/turn              h - ring of protection from cold {rC+, !d}
MPRegen  0.15/turn              a - ring of the Louse {rPois rF+ MR+ Int-4 Stlth+}

@: berserking, heroism, very quick
A: retaliatory headbutt, horns 2
a: Heroism, Finesse, Renounce Religion


You were on level 5 of the Lair of Beasts.
You worshipped Okawaru.
Okawaru was extremely pleased with you.
You were not hungry.

You visited 3 branches of the dungeon, and saw 15 of its levels.
You visited the Abyss 1 time.
You also visited: Ossuary and Gauntlet.

You collected 795 gold pieces.
You spent 434 gold pieces at shops.

Inventory:

Hand Weapons
 b - a +0 hunting sling
   (You found it on level 2 of the Dungeon)
 S - the +4 great mace of Okawaru's Generosity {holy, Str+3 Int-3 Dex+3}
   (Okawaru gifted it to you on level 1 of the Lair of Beasts)

   It has been blessed by the Shining One to cause great damage to the undead
   and demons.
   It affects your strength (+3).
   It affects your intelligence (-3).
   It affects your dexterity (+3).
 X - a +2 battleaxe of freezing (weapon)
   (You found it on level 1 of the Lair of Beasts)
Missiles
 m - 328 stones
 x - 37 poisoned darts
 z - 6 boomerangs
 N - 2 curare-tipped darts (quivered)
 P - 65 sling bullets
Armour
 n - a +3 ring mail of positive energy
   (Okawaru gifted it to you on level 4 of the Lair of Beasts)
 r - a +0 pair of gloves (worn)
   (You found it on level 2 of the Dungeon)
 y - the +1 ring mail of Atheism (worn) {Regen+ Str+4 Int+3 Slay-6}
   (You found it on level 5 of the Lair of Beasts)

   It affects your strength (+4).
   It affects your intelligence (+3).
   It affects your accuracy and damage with ranged weapons and melee attacks
   (-6).
   It increases your rate of regeneration.
 J - a +0 plate armour
   (You took it off an orc warrior on level 7 of the Dungeon)
 Q - a cursed +0 large shield
   (You found it on level 9 of the Dungeon)
Magical Staves
 c - an uncursed staff of fire {unknown}
   (You found it on level 5 of the Lair of Beasts)
Jewellery
 a - the ring of the Louse (right hand) {rPois rF+ MR+ Int-4 Stlth+}
   (You bought it in a shop on level 9 of the Dungeon)

   [ring of protection from fire]

   It affects your intelligence (-4).
   It protects you from fire.
   It protects you from poison.
   It affects your resistance to hostile enchantments.
   It makes you more stealthy.
 h - a ring of protection from cold (left hand) {rC+, !d}
   (You found it on level 1 of the Dungeon)
 O - an uncursed ring of fire {rF+, rC-}
   (You found it on level 8 of the Dungeon)
 Z - an uncursed ring of see invisible {sInv, !d}
   (You found it on level 5 of the Lair of Beasts)
Wands
 e - a wand of acid (33)
   (You found it on level 7 of the Dungeon)
 A - a wand of polymorph (21)
   (You found it on level 4 of the Dungeon)
 E - a wand of digging (9)
   (You found it on level 7 of the Dungeon)
 I - a wand of iceblast (10)
   (You found it on level 5 of the Lair of Beasts)
 R - a wand of paralysis (6)
   (You took it off Erolcha on level 9 of the Dungeon)
 Y - a wand of clouds (3)
   (You found it on level 1 of the Lair of Beasts)
Scrolls
 d - a scroll of enchant armour {unknown}
 g - a scroll of noise {unknown}
 i - 2 scrolls of immolation {!r}
 j - 2 scrolls of identify {@r1}
 l - 4 scrolls of remove curse
 o - a scroll of fog {unknown}
 p - 9 scrolls of teleportation
 s - a scroll of magic mapping {!r}
 u - a scroll of vulnerability {unknown}
 D - 2 scrolls of amnesia
 G - a scroll of random uselessness
 V - a scroll of blinking {unknown}
Potions
 k - 2 potions of heal wounds
 q - a potion of flight
 t - 3 potions of curing
 B - a potion of brilliance
 C - a potion of resistance
 F - 2 potions of haste
 K - 4 potions of cancellation
 L - a potion of invisibility
 M - 3 potions of mutation {!q}
 U - a potion of lignification {!q}
Miscellaneous
 w - a lightning rod (4/4)
   (You found it on level 5 of the Lair of Beasts)
 H - a phial of floods
   (You found it on level 5 of the Lair of Beasts)
 W - a crystal ball of energy
   (You found it on level 1 of the Lair of Beasts)
Comestibles
 f - 14 rations


   Skills:
 + Level 12.9(17.9) Fighting
 + Level 12.1(17.3) Axes
 - Level 3.5(13.7) Maces & Flails
 - Level 6.1(11.1) Slings
 - Level 0.5(8.4) Throwing
 + Level 12.8(17.8) Armour
 - Level 8.5(13.5) Shields
 + Level 8.6 Invocations


You had 11 spell levels left.
You didn't know any spells.
Your spell library contained the following spells:

 Spells                   Type           Power        Failure   Level  Hunger
 Magic Dart               Conj           #...         56%         1    ##.....
 Shock                    Conj/Air       #...         56%         1    ##.....
 Sting                    Conj/Pois      #...         56%         1    ##.....
 Blink                    Tloc           N/A          71%         2    ###....
 Call Imp                 Summ           #.......     71%         2    ###....
 Poisonous Vapours        Pois/Air       #.....       71%         2    ###....
 Slow                     Hex            #.......     71%         2    ###....
 Swiftness                Chrm/Air       #.......     71%         2    ###....
 Conjure Flame            Conj/Fire      #.......     91%         3    ####...
 Mephitic Cloud           Conj/Pois/Air  #.......     91%         3    ####...
 Static Discharge         Conj/Air       #.......     91%         3    ####...
 Airstrike                Air            #.........   100%        4    #####..
 Ice Form                 Ice/Tmut       #.......     100%        4    #####..
 Olgreb's Toxic Radiance  Pois           #.......     100%        4    #####..
 Lightning Bolt           Conj/Air       #.........   100%        5    ######.
 Metabolic Englaciation   Hex/Ice        #.........   100%        5    ######.
 Venom Bolt               Conj/Pois      #.........   100%        5    ######.
 Bolt of Cold             Conj/Ice       #.........   100%        6    #######
 Freezing Cloud           Conj/Ice/Air   #.........   100%        6    #######
 Ozocubu's Refrigeration  Ice            #.........   100%        6    #######
 Simulacrum               Ice/Necr       #.........   100%        6    #######


Dungeon Overview and Level Annotations

Branches:
Dungeon (9/15)             Temple (1/1) D:4            Lair (5/6) D:9
 Shoals (0/4) Lair:3        Snake (0/4) Lair:4
  Slime: Lair:5-6       Orc: D:9-12

Altars:
Ashenzari
Cheibriados
Dithmenos
Elyvilon
Fedhas
Gozag
Hepliaklqana
Kikubaaqudgha
Makhleb
Nemelex Xobeh
Okawaru
Qazlal
Ru
Sif Muna
Trog
Uskayaw
Vehumet
Wu Jian
Xom
Yredelemnul
Zin
The Shining One

Shops:
D:8 [   D:9 %=

Annotations:
D:8 exclusion: downstairs
D:9 1 runed translucent door, 1 exclusion, hemabe's ghost, novice HuAr
Lair:1 1 runed translucent door, feelmyfire's ghost, journeyman HaAr
Lair:4 2 transporters, GameOver's ghost, journeyman NaWz


Innate Abilities, Weirdness & Mutations

You reflexively headbutt those who attack you in melee.
You have a pair of horns on your head.


Message History

You slice one of the seven-headed hydra's heads off!
The six-headed hydra grows two more!
You slice the eight-headed hydra!!
The eight-headed hydra seems to slow down.
You freeze the eight-headed hydra.
Your headbutt misses the eight-headed hydra.
The eight-headed hydra closely misses you.
You furiously retaliate!
You headbutt the eight-headed hydra.
The eight-headed hydra barely misses you.
The eight-headed hydra bites you. The eight-headed hydra bites you!
The eight-headed hydra closely misses you.
The eight-headed hydra barely misses you.
The eight-headed hydra completely misses you.
The eight-headed hydra bites you but does no damage.
You take 11 damage, and have 62/113 hp.
Spoiler Alert: The eight-headed hydra can hit for high damage in melee!
You can now deal lightning-fast blows.
You now have 12/17 mp.
Spoiler Alert: The eight-headed hydra can hit for high damage in melee!
You gain the combat prowess of a mighty hero.
The eight-headed hydra is no longer moving slowly.
The eight-headed hydra bites you but does no damage.
The eight-headed hydra closely misses you.
The eight-headed hydra barely misses you.
The eight-headed hydra bites you.
The eight-headed hydra barely misses you.
The eight-headed hydra bites you. x2
The eight-headed hydra completely misses you.
You take 3 damage, and have 59/113 hp.
You now have 10/17 mp.
Spoiler Alert: The eight-headed hydra can hit for high damage in melee!
You hit the eight-headed hydra but do no damage.
Spoiler Alert: The eight-headed hydra can hit for high damage in melee!
You hit the eight-headed hydra but do no damage.
The eight-headed hydra closely misses you.
You furiously retaliate!
You headbutt the eight-headed hydra, but do no damage.
The eight-headed hydra bites you but does no damage.
The eight-headed hydra bites you!
The eight-headed hydra barely misses you.
The eight-headed hydra closely misses you.
The eight-headed hydra bites you. x2; The eight-headed hydra bites you!
You take 25 damage, and have 34/113 hp.
MASSIVE DAMAGE!!
Spoiler Alert: The eight-headed hydra can hit for high damage in melee!
Really quaff
T - a potion of berserk rage {!q}?
A red film seems to cover your vision as you go berserk!
Your finesse ends abruptly.
You feel yourself moving faster!
You feel mighty!
The eight-headed hydra closely misses you.
The eight-headed hydra completely misses you.
The eight-headed hydra closely misses you.
The eight-headed hydra barely misses you.
The eight-headed hydra bites you.
* * * LOW HITPOINT WARNING * * *
The eight-headed hydra bites you.
* * * LOW HITPOINT WARNING * * *
The eight-headed hydra bites you but does no damage.
The eight-headed hydra bites you!
* * * LOW HITPOINT WARNING * * *
You now have 36/169 hp.
Spoiler Alert: The eight-headed hydra can hit for high damage in melee!
You slice one of the eight-headed hydra's heads off!
The seven-headed hydra grows two more!
You slice the nine-headed hydra!!
The nine-headed hydra seems to slow down.
You freeze the nine-headed hydra!
Spoiler Alert: The nine-headed hydra can hit for high damage in melee!
You hack one of the nine-headed hydra's heads off!
The eight-headed hydra grows two more!
You slice the ten-headed hydra!!
The ten-headed hydra seems to slow down.
You freeze the ten-headed hydra!
Spoiler Alert: The ten-headed hydra can hit for high damage in melee!
You hack one of the ten-headed hydra's heads off!
The nine-headed hydra grows two more!
You slash the 11-headed hydra! You freeze the 11-headed hydra.
You headbutt the 11-headed hydra, but do no damage.
The 11-headed hydra bites you!
* * * LOW HITPOINT WARNING * * *
The 11-headed hydra misses you.
The 11-headed hydra bites you but does no damage. x2
The 11-headed hydra bites you.
* * * LOW HITPOINT WARNING * * *
The 11-headed hydra barely misses you.
The 11-headed hydra bites you but does no damage.
The 11-headed hydra misses you.
The 11-headed hydra completely misses you.
The 11-headed hydra closely misses you. The 11-headed hydra barely misses you.
You take 17 damage, and have 20/169 hp.
Spoiler Alert: The 11-headed hydra can hit for high damage in melee!
You slice one of the 11-headed hydra's heads off!
The ten-headed hydra grows two more!
You slash the 12-headed hydra!
The 12-headed hydra seems to slow down.
You freeze the 12-headed hydra.
Your headbutt misses the 12-headed hydra.
Spoiler Alert: The 12-headed hydra can hit for high damage in melee!
You barely miss the 12-headed hydra. The 12-headed hydra misses you.
The 12-headed hydra bites you!
* * * LOW HITPOINT WARNING * * *
The 12-headed hydra bites you.
* * * LOW HITPOINT WARNING * * *
The 12-headed hydra bites you but does no damage. x2
The 12-headed hydra barely misses you. The 12-headed hydra closely misses you.
The 12-headed hydra bites you!
You die...

.# #;≈...... #.#
#........ ##..
.........
P.###D.......
#.##................
###..#............#...
#.#..##...............
##...##...............
##...@D...>...........
#.#..#................
##....................
#.#..#................
###..............[##.P
#.................###
##.##.............# #
#.##............##
#.P#.............#


You could see a 12-headed hydra.

Vanquished Creatures
  Erolcha (D:9)
  3 hydras
  Psyche (D:9)
  3 black mambas
  7 spiny frogs
  2 rime drakes
  A komodo dragon (Lair:1)
  Prince Ribbit (D:9)
  8 polar bears
  A snapping turtle (Lair:3)
  8 hippogriffs
  11 blink frogs
  4 dream sheep (Lair:5)
  29 yaks
  A wyvern (D:8)
  2 vampires (D:9)
  2 basilisks
  A yak (shapeshifter) (Abyss:2)
  A naga (Lair:4)
  4 water moccasins
  8 porcupines
  4 black bears (Lair:1)
  3 orc warriors
  2 ice beasts
  A phantom (D:8)
  A sky beast (D:8)
  A necrophage (D:7)
  8 wolves
  An ogre (D:7)
  9 crocodiles
  A big kobold (D:9)
  An elf zombie (Ossuary)
  8 bullfrogs
  A small abomination (Abyss:2)
  3 scorpions
  9 killer bees
  13 wights
  A howler monkey (D:6)
  An electric eel (D:7)
  2 crimson imps
  2 bullfrog zombies
  2 jellies
  A quasit (D:7)
  5 orc priests
  A bullfrog skeleton (D:8)
  7 orc wizards
  2 hounds (D:7)
  An iguana (D:6)
  Jessica (D:5)
  9 worker ants
  Terence (D:2)
  3 big kobold zombies (Ossuary)
  A hound zombie (Ossuary)
  2 hound skeletons
  4 mummies (Ossuary)
  5 worker ant zombies
  A howler monkey skeleton (D:4)
  6 gnolls
  15 adders
  5 shadow imps
  2 adder skeletons
  3 adder zombies
  3 worms
  A dart slug (D:3)
  12 leopard geckos
  27 orcs
  3 ball pythons
  4 giant cockroaches
  9 goblins
  8 hobgoblins
  11 jackals
  6 quokkas
  14 bats
  3 frilled lizards
  A giant cockroach zombie (D:5)
  A goblin zombie (Ossuary)
  2 hobgoblin zombies (Ossuary)
  9 kobolds
  A kobold zombie (Ossuary)
  3 orc zombies (Ossuary)
  A quokka skeleton (D:5)
  2 quokka zombies
  15 rats
  A fungus (Lair:5)
  A plant (Lair:3)
386 creatures vanquished.

Vanquished Creatures (others)
  A human (D:4)
  A quokka (D:7)
  2 plants (Lair:4)
4 creatures vanquished.

Grand Total: 390 creatures vanquished

Notes
Turn   | Place    | Note
-------+----------+-------------------------------------------
     0 | D:1      | Moredread the Minotaur Fighter began the quest for the Orb.
     0 | D:1      | Reached XP level 1. HP: 19/19 MP: 0/0
   202 | D:1      | Reached XP level 2. HP: 27/27 MP: 1/1
   346 | D:1      | Reached skill level 4 in Shields
   355 | D:1      | Reached skill level 4 in Armour
   399 | D:1      | Reached skill level 4 in Fighting
   497 | D:1      | Reached skill level 3 in Axes
   684 | D:2      | Reached XP level 3. HP: 33/33 MP: 2/2
   892 | D:2      | Noticed Terence
   927 | D:2      | Reached XP level 4. HP: 38/40 MP: 3/3
  1062 | D:2      | Killed Terence
  1330 | D:3      | Reached XP level 5. HP: 43/47 MP: 4/4
  1496 | D:3      | HP: 11/47 [poisoned by an orc wizard]
  1502 | D:3      | Reached skill level 4 in Axes
  1869 | D:3      | Reached skill level 5 in Fighting
  1874 | D:3      | Found a hide-covered altar of Uskayaw.
  1881 | D:3      | Reached skill level 5 in Armour
  1885 | D:3      | Found a shadowy altar of Dithmenos.
  1885 | D:3      | Found a snail-covered altar of Cheibriados.
  1886 | D:3      | Found a bloodstained altar of Trog.
  1888 | D:3      | Reached skill level 5 in Shields
  1894 | D:3      | HP: 12/48 [gnoll/+0 whip (3)]
  1899 | D:3      | Reached XP level 6. HP: 15/56 MP: 5/5
  2544 | D:4      | Found an ancient bone altar of Kikubaaqudgha.
  2544 | D:4      | Noticed a human
  2548 | D:4      | Killed a human
  2704 | D:4      | Found a staircase to the Ecumenical Temple.
  2738 | Temple   | Entered the Ecumenical Temple
  2839 | Temple   | Became a worshipper of Warmaster Okawaru
  2907 | D:4      | Found a basalt altar of Yredelemnul.
  3233 | D:5      | Entered Level 5 of the Dungeon
  3454 | D:5      | Noticed Jessica
  3463 | D:5      | Killed Jessica
  3501 | D:5      | Found a shimmering blue altar of Sif Muna.
  3637 | D:5      | Reached skill level 5 in Axes
  3838 | D:5      | Reached XP level 7. HP: 62/62 MP: 6/6
  4199 | D:5      | Reached skill level 6 in Fighting
  4336 | D:6      | Reached skill level 6 in Armour
  4336 | D:6      | Reached skill level 6 in Shields
  4469 | D:6      | Found a glowing golden altar of the Shining One.
  4501 | D:6      | Found a shimmering altar of Xom.
  4753 | D:6      | Reached * piety under Okawaru
  5213 | D:7      | HP: 15/64 [electric eel/bolt of electricity (14)]
  5214 | D:7      | HP: 7/64 [electric eel/bolt of electricity (9)]
  5214 | D:7      | HP: 1/64 [electric eel/bolt of electricity (6)]
  5588 | D:7      | Reached skill level 6 in Axes
  5588 | D:7      | Reached XP level 8. HP: 62/71 MP: 7/7
  5629 | D:7      | Reached skill level 7 in Fighting
  5925 | D:7      | Reached skill level 7 in Armour
  5925 | D:7      | Reached skill level 7 in Shields
  5929 | D:7      | HP: 13/73 [something/puff of flame (6)]
  6285 | D:7      | Noticed a hippogriff
  6291 | D:7      | Killed a hippogriff
  6291 | D:7      | Reached skill level 7 in Axes
  6421 | D:7      | Reached ** piety under Okawaru
  6656 | D:7      | Reached XP level 9. HP: 81/81 MP: 8/8
  6676 | D:7      | Reached skill level 8 in Fighting
  6740 | D:7      | Reached skill level 8 in Shields
  6779 | D:7      | Reached skill level 8 in Armour
  7184 | D:8      | Found a sand-covered staircase.
  7200 | Ossuary  | Entered an ossuary
  7272 | Ossuary  | Reached skill level 8 in Axes
  7370 | Ossuary  | Moredread: ??mummy
  7370 | Ossuary  | beem: mummy[1/8]: When destroyed, all mummies cast a death
                  | curse. For normal mummies (i.e. 'a mummy'), this could
                  | curse items. For other mummies (e.g. 'guardian mummy'), it
                  | will be a random {necromancy miscast} effect. Regular
                  | mummies are vulnerable to fire damage. In 0.17 and up,
                  | regular mummies have no death curse.
  7638 | D:8      | Reached skill level 1 in Invocations
  7677 | D:8      | HP: 19/82 [wyvern (13)]
  7679 | D:8      | HP: 6/82 [wyvern (13)]
  8056 | D:8      | Reached skill level 9 in Fighting
  8056 | D:8      | Reached skill level 2 in Invocations
  8147 | D:8      | Reached skill level 1 in Slings
  8147 | D:8      | Reached skill level 9 in Armour
  8217 | D:8      | Moredread: ??inscription
  8217 | D:8      | beem: inscription[1/4]: !w to prompt before
                  | 'w'ielding/unwielding. Same format for 'a'ttacking,
                  | 'd'ropping, 'e'ating, 'q'uaffing, 'r'eading, 'f'iring,
                  | 'W'earing/'T'aking off armour, 'P'utting on/'R'emoving
                  | jewellery, e'v'oking, 'Q'uivering, 'D'estroying, '*'all.
  8217 | D:8      | Moredread: ??inscription[2
  8217 | D:8      | beem: inscription[2/4]: !p / =p prompts before sacrificing
                  | stack / item. =g enables autopickup. =k ignores item on
                  | ground. =s creates stack. =f removes item from quiver
                  | cycling; \+f includes it.
  8217 | D:8      | Moredread: ??inscription[3
  8217 | D:8      | beem: inscription[3/4]: Shortcut inscriptions look like
                  | @w1, with a letter for the command type as in
                  | inscription[1] and a number 1-9.
  8354 | D:8      | Found Odos's Armour Shop.
  8539 | D:8      | Moredread: ??vampiric
  8539 | D:8      | beem: vampiric[1/1]: On 60% of non-zero damage hits to
                  | natural holiness, not-summoned (includes trj spawns/god
                  | wrath/etc) targets without rN, heal 1d(damage) HP. Good
                  | gods hate it. You must be full to wield a vampiric weapon
                  | unless you are undead, and doing so will reduce your
                  | satiation.
  8554 | D:9      | Found a bloodstained altar of Trog.
  8575 | D:9      | HP: 14/83 [something (10)]
  8591 | D:9      | Reached *** piety under Okawaru
  8853 | D:9      | Reached skill level 2 in Slings
  8853 | D:9      | Reached XP level 10. HP: 59/91 MP: 11/11
  9025 | D:9      | Reached skill level 9 in Axes
  9025 | D:9      | Reached skill level 3 in Invocations
  9374 | D:9      | Reached skill level 3 in Slings
  9525 | D:9      | Noticed Erolcha
  9725 | D:9      | Reached **** piety under Okawaru
  9732 | D:9      | Reached skill level 4 in Invocations
  9733 | D:9      | Found a staircase to the Lair.
  9866 | D:9      | Found Tuatumy's Food Boutique.
  9931 | D:9      | Noticed Psyche
  9946 | D:9      | Killed Psyche
  9946 | D:9      | Reached skill level 10 in Fighting
  9959 | D:9      | Reached skill level 4 in Slings
 10050 | D:9      | Found a runed translucent door.
 10055 | D:9      | Noticed hemabe's ghost (novice HuAr)
 10102 | D:9      | Found Ytysoyt's Jewellery Boutique.
 10144 | D:9      | Cast into level 2 of the Abyss (Erolcha)
 10170 | Abyss:2  | Reached skill level 10 in Armour
 10200 | D:9      | Escaped the Abyss
 10211 | D:9      | Killed Erolcha
 10566 | D:9      | Noticed Prince Ribbit
 10580 | D:9      | Killed Prince Ribbit
 10580 | D:9      | Reached skill level 10 in Axes
 10823 | Lair:1   | Entered Level 1 of the Lair of Beasts
 10823 | Lair:1   | Noticed a spiny frog
 10831 | Lair:1   | Killed a spiny frog
 10831 | Lair:1   | Reached ***** piety under Okawaru
 10839 | Lair:1   | Reached XP level 11. HP: 93/101 MP: 13/13
 10843 | Lair:1   | Reached skill level 5 in Invocations
 10847 | Lair:1   | Reached skill level 5 in Slings
 11233 | Lair:1   | Found a runed translucent door.
 11236 | Lair:1   | Noticed feelmyfire's ghost (journeyman HaAr)
 11727 | Lair:1   | Noticed an eight-headed hydra
 11735 | Lair:1   | Killed a 12-headed hydra
 11906 | Lair:1   | Reached skill level 11 in Fighting
 11906 | Lair:1   | Reached skill level 6 in Slings
 11907 | Lair:1   | Received a gift from Okawaru
 11910 | Lair:1   | Got a crystal great mace {god gift}
 11911 | Lair:1   | Identified the +4 great mace of Okawaru's Generosity {holy,
                  | Str+3 Int-3 Dex+3} (Okawaru gifted it to you on level 1 of
                  | the Lair of Beasts)
 11935 | Lair:1   | Reached skill level 11 in Armour
 11935 | Lair:1   | Reached skill level 6 in Invocations
 12283 | Lair:2   | Reached skill level 1 in Maces & Flails
 12725 | Lair:2   | Reached skill level 2 in Maces & Flails
 12730 | Lair:2   | HP: 23/102 [blink frog (8)]
 13100 | Lair:2   | Reached skill level 3 in Maces & Flails
 13358 | Lair:2   | HP: 24/102 [wolf (5)]
 13362 | Lair:2   | HP: 6/102 [wolf (8)]
 13390 | Lair:2   | HP: 13/102 [wolf (1)]
 14381 | Lair:2   | HP: 22/104 [hippogriff (9)]
 14382 | Lair:2   | Reached XP level 12. HP: 17/111 MP: 16/16
 14885 | Lair:3   | Reached skill level 7 in Invocations
 14999 | Lair:3   | Reached skill level 11 in Axes
 15489 | D:9      | Bought the ring of the Louse {rPois rF+ MR+ Int-4 Stlth+}
                  | for 434 gold pieces
 15545 | Lair:3   | Reached skill level 12 in Fighting
 15878 | Lair:3   | Found a staircase to the Shoals.
 15882 | Lair:3   | Reached skill level 12 in Armour
 15894 | Lair:3   | Received a gift from Okawaru
 16794 | Lair:4   | Noticed a four-headed hydra
 16809 | Lair:4   | Killed a nine-headed hydra
 16890 | Lair:4   | Noticed a four-headed hydra
 17062 | Lair:4   | Killed a seven-headed hydra
 17131 | Lair:4   | Received a gift from Okawaru
 17131 | Lair:4   | Reached skill level 8 in Invocations
 17372 | Lair:4   | Found a staircase to the Snake Pit.
 17406 | Lair:4   | Found a white marble altar of Elyvilon.
 17798 | Lair:4   | Found a transporter.
 17805 | Lair:4   | Found a transporter.
 17810 | Lair:4   | Noticed GameOver's ghost (journeyman NaWz)
 18244 | Lair:5   | Found a gate leading to a gauntlet.
 18256 | Lair:5   | Got a dazzling ring mail
 18257 | Lair:5   | Identified the +1 ring mail of Atheism {Regen+ Str+4 Int+3
                  | Slay-6} (You found it on level 5 of the Lair of Beasts)
 18265 | Gauntlet | Entered a Gauntlet
 18265 | Gauntlet | Found a transporter.
 18265 | Gauntlet | Found a transporter.
 18265 | Gauntlet | Found a transporter.
 18265 | Gauntlet | Noticed a cacodemon
 18296 | Lair:5   | Reached skill level 12 in Axes
 18735 | Lair:5   | Moredread: ??slay
 18735 | Lair:5   | beem: slay ~ slaying[1/2]: Added to your weapon
                  | {enchantment}. Magic is unaffected, throwing and unarmed
                  | combat are affected.
 18735 | Lair:5   | Moredread: ??slay[2
 18735 | Lair:5   | beem: slay ~ slaying[2/2]: Like other stat rings, slaying
                  | rings can generate as high as +6 and as low as -6.
 18790 | Lair:5   | Noticed a seven-headed hydra
 18805 | Lair:5   | HP: 36/169 [eight-headed hydra (8)]
 18810 | Lair:5   | HP: 9/169 [12-headed hydra (11)]
 18810 | Lair:5   | Slain by a 12-headed hydra

Levels and vault maps discovered:
D:1:      dpeg_arrival_ratfight, layout_rooms, minmay_tromino_mix6
D:2:      layout_rooms, chequers_serial_rivers_micro_b, uniq_terence
D:3:      layout_loops_ring, grunt_temple_overflow_open, first_ration
D:4:      kb_forest_paths, layout_rooms, nicolae_overflow_crystal_walls,
          minmay_temple_entry_wispy, tgw_kikubaaqudgha
D:5:      layout_cave_pods, serial_column_ruins, column_ruins_square_medium,
          column_ruins_corridor_corner, column_ruins_open_large,
          column_ruins_open_small, column_ruins_open_small,
          column_ruins_columns_straight, column_ruins_grid_1,
          column_ruins_open_tiny, tgw_sif
D:6:      layout_basic, brannock_xom_greatest_gift, lemuel_round_altar
D:7:      layout_gridville, fountainhead
D:8:      layout_basic, serial_shops, shop, enter_ossuary_1, hex_medium
D:9:      layout_irregular_city, david_lair_generic,
          ebering_ghost_reflecting_pool, basic_altar, serial_shops, shop,
          nicolae_shop_trees, uniq_erolcha, uniq_prince_ribbit1, uniq_psyche
Temple:   zaba_magenta_temple
Lair:1:   beast_lair_carwin_large_1, layout_misc_corridors,
          gammafunk_ghost_grave
Lair:2:   layout_chaotic_city
Lair:3:   layout_regular_city, minmay_shoals_entry_hut
Lair:4:   layout_regular_city, guppyfry_snake_entry_garden,
          gammafunk_ghost_berserking_beasts, basic_altar, grunt_megastairs_4,
          infiniplex_staircase_pool_2
Lair:5:   layout_gridlike, gauntlet_entry_generic, serial_bayou_pond_d

Skill      XL: |  1  2  3  4  5  6  7  8  9 10 11 12 |
---------------+-------------------------------------+-----
Shields        | 4 5 6 7 8 |  8.5
Armour         | 4 5 6 7 9 10 11 12 | 12.8
Fighting       | 4 5 6 7 9 10 11 12 | 12.9
Axes           | 3 4 5 6 7 8 10 12 | 12.1
Invocations    | 2 4 6 8 |  8.6
Slings         | 2 4 6 |  6.1
Maces & Flails | 3 |  3.5
Throwing       | |  0.5

Action                   |  1- 3 |  4- 6 |  7- 9 | 10-12 || total
-------------------------+-------+-------+-------+-------++-------
Melee: War axe           |    84 |    56 |   128 |       ||   268
       Headbutt          |     7 |    29 |    55 |   105 ||   196
       Dagger            |    42 |   136 |       |       ||   178
       Battleaxe         |       |       |   181 |   366 ||   547
       Great mace        |       |       |       |    69 ||    69
 Fire: Hunting sling     |       |    44 |    57 |    34 ||   135
Throw: Stone             |     2 |     5 |       |       ||     7
       Dart              |       |       |    26 |    18 ||    44
Invok: Heroism           |       |       |     4 |     8 ||    12
       Finesse           |       |       |       |     5 ||     5
  Use: Potion            |       |     3 |     6 |     3 ||    12
       Scroll            |       |     2 |    14 |    11 ||    27
 Stab: Invisible         |       |       |       |     1 ||     1
  Eat: Chunk             |       |    10 |    12 |    25 ||    47
       Ration            |       |       |     1 |     2 ||     3
Armor: Chain mail        |    65 |     2 |       |       ||    67
       Scale mail        |     1 |       |       |       ||     1
       Ring mail         |       |    78 |    48 |    22 ||   148
       Plate armour      |       |       |   190 |   364 ||   554
       Skin              |       |       |       |     1 ||     1
Dodge: Dodged            |    27 |    51 |   115 |   229 ||   422
Block: Shield            |    86 |   110 |    57 |       ||   253

Table legend:
 A = Non-vault XP
 B = Vault XP
 C = Vault XP percentage of total XP
 D = Non-vault monster count
 E = Vault monster count
 F = Vault count percentage of total count
                 A         B        C        D         E       F
            +---------+---------+-------+---------+---------+-------
      Total |   29652 |    6409 |  17.8 |     333 |      51 |  13.3
            +---------+---------+-------+---------+---------+-------
        D:1 |      29 |       9 |  23.7 |      19 |       8 |  29.6
        D:2 |      66 |      32 |  32.7 |      24 |       1 |   4.0
        D:3 |     266 |       0 |   0.0 |      45 |       0 |   0.0
        D:4 |     117 |      50 |  29.9 |      12 |       5 |  29.4
        D:5 |     315 |      37 |  10.5 |      14 |       1 |   6.7
        D:6 |     388 |       0 |   0.0 |      15 |       0 |   0.0
        D:7 |    1741 |       0 |   0.0 |      43 |       0 |   0.0
        D:8 |    1669 |       0 |   0.0 |      36 |       0 |   0.0
        D:9 |    2555 |    2561 |  50.1 |      27 |       7 |  20.6
     Lair:1 |    4654 |    1712 |  26.9 |      19 |       8 |  29.6
     Lair:2 |    4846 |       0 |   0.0 |      24 |       0 |   0.0
     Lair:3 |    5178 |     274 |   5.0 |      25 |       1 |   3.8
     Lair:4 |    3020 |    1461 |  32.6 |       9 |       4 |  30.8
     Lair:5 |    4535 |       0 |   0.0 |      19 |       0 |   0.0
    Abyss:2 |     273 |       0 |   0.0 |       2 |       0 |   0.0
    Ossuary |       0 |     273 | 100.0 |       0 |      16 | 100.0
            +---------+---------+-------+---------+---------+-------

Levels and vault maps discovered:
D:1:      dpeg_arrival_ratfight, layout_rooms, minmay_tromino_mix6
D:2:      layout_rooms, chequers_serial_rivers_micro_b, uniq_terence
D:3:      layout_loops_ring, grunt_temple_overflow_open, first_ration
D:4:      kb_forest_paths, layout_rooms, nicolae_overflow_crystal_walls,
          minmay_temple_entry_wispy, tgw_kikubaaqudgha
D:5:      layout_cave_pods, serial_column_ruins, column_ruins_square_medium,
          column_ruins_corridor_corner, column_ruins_open_large,
          column_ruins_open_small, column_ruins_open_small,
          column_ruins_columns_straight, column_ruins_grid_1,
          column_ruins_open_tiny, tgw_sif
D:6:      layout_basic, brannock_xom_greatest_gift, lemuel_round_altar
D:7:      layout_gridville, fountainhead
D:8:      layout_basic, serial_shops, shop, enter_ossuary_1, hex_medium
D:9:      layout_irregular_city, david_lair_generic,
          ebering_ghost_reflecting_pool, basic_altar, serial_shops, shop,
          nicolae_shop_trees, uniq_erolcha, uniq_prince_ribbit1, uniq_psyche
Temple:   zaba_magenta_temple
Lair:1:   beast_lair_carwin_large_1, layout_misc_corridors,
          gammafunk_ghost_grave
Lair:2:   layout_chaotic_city
Lair:3:   layout_regular_city, minmay_shoals_entry_hut
Lair:4:   layout_regular_city, guppyfry_snake_entry_garden,
          gammafunk_ghost_berserking_beasts, basic_altar, grunt_megastairs_4,
          infiniplex_staircase_pool_2
Lair:5:   layout_gridlike, gauntlet_entry_generic, serial_bayou_pond_d

Table legend:
 A = Turns spent in this place as a percentage of turns spent in the entire game.
 B = Non-inter-level travel turns spent in this place as a percentage of non-inter-level travel turns spent in the entire game.
 C = Inter-level travel turns spent in this place as a percentage of turns spent in this place.
 D = Turns resting spent in this place as a percentage of non-inter-level travel turns spent in this place.
 E = Turns spent auto-exploring this place as a percentage of non-inter-level travel turns spent in this place.
 F = Non-inter-level travel turns spent in this place divided by the number of levels of this place that you've seen.
                   A       B       C       D       E      F
               +-------+-------+-------+-------+-------+----------------------
         Total | 100.0 | 100.0 |   5.3 |  42.0 |  40.4 | 989.6
       Dungeon |  55.7 |  54.6 |   7.1 |  36.9 |  42.5 | 1081.4
        Temple |   0.6 |   0.6 |  16.8 |   0.0 |  59.6 |  99.0
          Lair |  42.3 |  43.3 |   3.0 |  49.8 |  37.4 | 1543.4
         Abyss |   0.3 |   0.3 |   0.0 |   0.0 |  35.7 |  56.0
       Ossuary |   1.1 |   1.1 |   0.0 |  20.8 |  50.0 | 202.0
      Gauntlet |   0.0 |   0.0 |   0.0 |   0.0 |   0.0 |   6.0
               +-------+-------+-------+-------+-------+----------------------

Table legend:
 A = Kills in this place as a percentage of kills in entire the game.
 B = Kills by you in this place as a percentage of kills by you in the entire game.
 C = Kills by friends in this place as a percentage of kills by friends in the entire game.
 D = Other kills in this place as a percentage of other kills in the entire game.
 E = Experience gained in this place as a percentage of experience gained in the entire game.
 F = Experience gained in this place divided by the number of levels of this place that you have seen.
                   A       B       C       D       E      F
               +-------+-------+-------+-------+-------+----------------------
         Total | 100.0 | 100.0 |   N/A |   N/A | 100.0 | 2003.4
       Dungeon |  66.9 |  66.9 |   N/A |   N/A |  27.3 | 1092.8
          Lair |  28.4 |  28.4 |   N/A |   N/A |  71.2 | 5136.0
         Abyss |   0.5 |   0.5 |   N/A |   N/A |   0.8 | 273.0
       Ossuary |   4.2 |   4.2 |   N/A |   N/A |   0.8 | 273.0
               +-------+-------+-------+-------+-------+----------------------
